Map: Dusk Towers

Players

DeliveryMan - Winner!

  • Race: Terran Terran
  • League: Silver

BattleBeddal

  • Race: Zerg Zerg
  • League: Silver

VOD

Have the link to the VOD?

Description

Time

  • Played on: Feb. 25, 2016, 2:57 p.m.
  • Length: 16:40
Show
View Real Time Build Order
Export as new Build Order

DeliveryMan Terran - Winner!

Build Orders: MMM Bio 

Get SALT Encoding   

  12  0:01  SCV  
  13  0:13  SCV  
  14  0:19  Supply Depot  
  14  0:25  SCV  
  15  0:41  SCV  
  16  0:44  Barracks  
  16  0:49  Refinery  
  16  0:53  SCV  
  17  1:05  SCV  
  18  1:17  SCV  
  19  1:33  Supply Depot  
  19  1:43  Marine  
  20  1:51  Barracks  
  20  1:59  Orbital Command, Command Center  
  20  2:06  Marine  
  21  2:27  SCV  
  22  2:41  Barracks Tech Lab  
  22  2:43  Factory  
  22  2:47  SCV  
  22  2:57  Barracks Reactor  
  22  2:59  Marine, SCV  
  22  3:04  Refinery  
  24  3:11  SCV  
  25  3:13  Orbital Command  
  25  3:17  Marine  
  26  3:20  Barracks  
  26  3:23  Barracks  
  26  3:35  Marine  
  26  3:37  Starport  
  26  3:38  Factory Reactor  
  27  3:42  Marine x2  
  27  3:46  SCV  
  30  3:52  Refinery  
  30  3:53  Marine  
  30  3:55  Refinery  
  31  4:00  SCV  
  32  4:03  Stimpack  
  32  4:05  SCV  
  32  4:09  Barracks Reactor  
  33  4:11  Barracks Tech Lab  
  33  4:14  Marine  
  34  4:18  Marauder  
  34  4:19  Marine  
  37  4:31  SCV x2  
  39  4:32  Marine  
  39  4:35  Factory Tech Lab  
  39  4:38  Marine, Marauder  
  42  4:39  Marauder  
  42  4:43  SCV  
  46  4:49  Supply Depot x2  
  46  5:10  Marine x3  
  46  5:11  Marauder x2  
  46  5:12  Medivac  
  46  5:14  Medivac  
  57  5:20  SCV x2  
  59  5:36  Supply Depot  
  59  5:37  Supply Depot  
  59  5:45  SCV x2  
  61  5:51  Liberator  
  61  5:52  Combat Shields  
  61  5:55  Marine  
  62  5:57  Marine, SCV  
  62  5:58  SCV  
  62  5:59  Supply Depot  
  62  6:00  Siege Tank  
  62  6:01  Supply Depot  
  68  6:07  Concussive Shells  
  71  6:12  Marauder  
  71  6:15  SCV  
  71  6:17  SCV  
  75  6:31  SCV x2  
  77  6:43  SCV  
  78  6:50  Engineering Bay x2  
  78  6:59  Marauder x2  
  78  7:00  Marine x4  
  86  7:08  Medivac x2  
  90  7:10  Siege Tank  
  90  7:12  SCV  
  94  7:22  Supply Depot  
  94  7:24  Supply Depot  
  94  7:43  Marine x4, SCV x2, Marauder  
  102  7:45  Marine, Supply Depot  
  103  7:54  Terran Infantry Armor Level 1, Terran Infantry Weapons Level 1  
  103  7:55  Command Center  
  103  7:58  Starport  
  103  8:01  Marine  
  104  8:31  SCV x2  
  106  8:43  Armory, SCV x2  
  108  8:55  SCV x2  
  108  9:16  Liberator x2  
  108  9:20  Supply Depot  
  108  9:21  SCV x2  
  107  9:33  SCV x2  
  115  9:40  Marine, Marauder x2  
  115  9:41  Marine x3  
  123  9:46  Supply Depot  
  123  9:47  Supply Depot x2  
  123  9:48  Supply Depot  
  123  9:50  Supply Depot  
  123  9:51  Supply Depot  
  123  9:54  Supply Depot  
  123  9:58  Marine  
  123  9:59  Liberator x2, Marine x3  
  127  10:00  Terran Infantry Weapons Level 2, Terran Infantry Armor Level 2  
  127  10:01  Marauder x2  
  131  10:13  Supply Depot  
  131  10:15  Supply Depot  
  131  10:16  Marine x4  
  141  10:22  Marine, Marauder  
  141  10:25  Command Center  
  144  10:34  Marine x4, Orbital Command  
  148  10:40  Marine  
  148  10:42  Liberator x2  
  149  10:43  Marine  
  150  10:51  Marine  
  150  10:52  Marine  
  152  10:58  Marauder  
  152  11:00  Supply Depot x3  
  152  11:02  Marauder  
  162  11:16  Marine  
  162  11:17  Marine x3  
  166  11:19  Marine  
  166  11:22  Marine  
  168  11:30  Refinery  
  168  11:32  Refinery  
  168  11:34  Marine x4  
  168  11:37  Marine  
  173  11:41  Viking  
  173  11:42  Viking  
  171  11:59  Marine x5  
  171  12:00  Marine  
  177  12:02  Orbital Command  
  177  12:11  Viking  
  177  12:12  Viking  
  181  12:17  Marine x5, Orbital Command  
  181  12:18  Marine  
  187  12:35  Marine x2  
  187  12:36  Marine x2, Marauder x2  
  195  12:41  Viking x2  
  199  12:53  Marine  
  199  12:56  Barracks  
  184  13:44  Barracks, Marine, Marauder x2  
  184  13:45  Marine x3  
  184  13:47  Barracks Tech Lab  
  188  14:02  Marine x4  
  189  14:05  Marauder x2  
  196  14:20  Marine x4  
  200  14:32  Barracks, Barracks Reactor  
  161  15:18  Marauder  
  161  15:19  Marine x7, Marauder x2  
  161  15:20  Barracks  
  169  15:34  Medivac x2  
  173  15:36  Marine  
  173  15:37  Marine x6  
  173  15:40  Marauder x3  
  186  15:54  Marine  
  186  15:55  Marine x6  
  193  16:01  Marauder x2  
  193  16:02  Marauder  
  193  16:04  Medivac x2  
  194  16:12  Marine  
  194  16:13  Marine x5  
Show
View Real Time Build Order
Export as new Build Order

BattleBeddal Zerg 

Build Orders: Hatch First 

Get SALT Encoding   

  12  0:01  Drone  
  13  0:13  Overlord  
  13  0:18  Drone  
  14  0:34  Drone x2  
  16  0:35  Drone  
  17  0:47  Drone  
  18  0:59  Hatchery  
  18  1:03  Drone  
  18  1:11  Extractor  
  18  1:16  Spawning Pool  
  16  1:20  Drone  
  16  1:22  Drone  
  18  1:32  Drone  
  19  1:40  Overlord  
  19  1:57  Drone  
  20  2:03  Queen  
  22  2:11  Queen  
  22  2:14  Metabolic Boost  
  24  2:17  Zergling x2  
  24  2:18  Zergling x4  
  27  2:33  Drone x2  
  29  2:55  Drone  
  29  2:56  Drone x5  
  35  3:05  Extractor  
  34  3:06  Lair  
  34  3:09  Queen  
  36  3:13  Overlord x2  
  37  3:34  Drone x5  
  37  3:35  Drone x3  
  44  3:44  Roach Warren  
  43  3:54  Overlord  
  43  3:55  Overlord  
  43  3:56  Drone x2  
  43  3:57  Zergling x4  
  47  4:10  Overlord  
  47  4:13  Drone  
  47  4:15  Zergling x6  
  51  4:31  Evolution Chamber  
  51  4:32  Evolution Chamber  
  49  4:40  Extractor  
  49  4:42  Overlord x2  
  49  4:43  Drone  
  49  4:44  Drone x2  
  51  4:46  Roach x2  
  51  4:47  Roach x3  
  60  5:04  Roach x3  
  66  5:11  Drone x2  
  66  5:13  Overlord  
  68  5:15  Roach x4  
  76  5:31  Zerg Ground Armor Level 1  
  76  5:32  Zerg Missile Weapons Level 1  
  76  5:44  Overlord x2  
  76  5:45  Drone  
  76  5:46  Drone  
  76  5:48  Roach x2  
  76  5:49  Roach x4  
  90  5:54  Glial Reconstitution  
  90  5:58  Extractor  
  89  6:13  Hatchery  
  89  6:16  Baneling Nest  
  87  6:25  Overlord x2  
  87  6:28  Drone x3  
  87  6:31  Roach x5  
  100  6:48  Overlord  
  100  6:50  Roach x2  
  100  6:51  Roach x4  
  112  6:55  Drone x2  
  114  7:20  Overlord  
  114  7:24  Roach x3  
  114  7:25  Roach x6  
  114  7:26  Roach  
  134  7:31  Baneling x5  
  134  7:32  Baneling x3  
  134  7:39  Roach x3  
  140  7:45  Hydralisk Den  
  135  8:06  Queen  
  137  8:22  Infestation Pit  
  136  8:39  Overlord  
  136  8:40  Overlord x4  
  93  9:28  Spire  
  90  9:40  Spore Crawler  
  90  9:41  Spore Crawler  
  90  9:43  Drone x5  
  90  9:44  Drone x4  
  97  9:49  Hive  
  97  10:04  Hydralisk x3  
  103  10:19  Queen  
  105  10:28  Overlord x3  
  105  10:47  Corruptor  
  105  10:48  Corruptor x6  
  105  10:49  Corruptor x2  
  123  10:54  Corruptor  
  125  11:03  Greater Spire  
  125  11:15  Queen  
  125  11:18  Overlord x2  
  127  11:51  Overseer  
  127  12:05  Hydralisk  
  127  12:06  Hydralisk x6  
  127  12:08  Corruptor x3  
  141  12:13  Overlord  
  147  12:43  Corruptor x4  
  145  13:08  Brood Lord  
  145  13:09  Brood Lord x3  
  145  13:11  Brood Lord  
  136  13:55  Brood Lord x3  
  142  14:01  Zergling x2  
  142  14:02  Zergling x20  
  153  14:28  Hatchery  
  152  14:33  Corruptor  
  152  14:34  Corruptor  
  73  15:16  Roach x7  
  73  15:17  Roach x2  
  63  15:26  Zergling x6  
  66  15:37  Brood Lord  
  37  16:07  Zergling x18  
  37  16:08  Zergling x2  
Tags
 
Composition
MMM Bio
Matchup
TvZ
Add a new tag
Caveats
  • Supply blocks, unpowered buildings, or Contaminate may cause inaccurate times.
  • Supply counts are checked every 10 seconds.